 Dungeon Crawl Stone Soup version 0.22-a0-396-g3f858e3 (webtiles) character file.

166 Borgoz the Skirmisher (level 5, -10/47 HPs)
             Began as a Hill Orc Fighter on May 3, 2018.
             Killed by divine providence
             ... invoked by an orc priest
              (14 damage)
             ... on level 3 of the Dungeon.
             The game lasted 00:01:57 (1488 turns).

Borgoz the Skirmisher (Hill Orc Fighter)            Turns: 1488, Time: 00:01:58

Health: -10/47     AC:  7    Str: 24    XL:     5   Next: 47%
Magic:  5/5        EV:  8    Int:  8    God:
Gold:   119        SH: 10    Dex: 11    Spells: 4/4 levels left

rFire    . . .     SeeInvis .   a - +0 war axe
rCold    . . .     Gourm    .   c - +0 shield
rNeg     . . .     Faith    .   b - +0 scale mail
rPois    .         Spirit   .   (no helmet)
rElec    .         Reflect  .   (no cloak)
rCorr    .         Harm     .   (no gloves)
MR       .....                  (no boots)
Stlth    ..........             (no amulet)
HPRegen  0.15/turn              (no ring)
MPRegen  0.09/turn              (no ring)

@: mighty
A: no striking features
a: Convert to Beogh


You were on level 3 of the Dungeon.
You were not hungry.

You visited 1 branch of the dungeon, and saw 3 of its levels.

You collected 119 gold pieces.

Inventory:

Hand Weapons
 a - a +0 war axe (weapon)
Armour
 b - a +0 scale mail (worn)
 c - a +0 shield (worn)
Scrolls
 e - a scroll of remove curse {unknown}
 g - 2 scrolls of teleportation {unknown}
 i - a scroll of identify {unknown}
 j - a scroll of magic mapping {unknown}
 m - a scroll of blinking {unknown}
Potions
 h - a potion of brilliance {unknown}
 k - 2 potions of mutation {unknown}
Comestibles
 f - 5 rations
 l - 7 chunks of flesh


   Skills:
 + Level 4.5 Fighting
 + Level 4.1 Axes
 + Level 4.1 Armour
 + Level 1.5 Dodging
 + Level 4.1 Shields


You had 4 spell levels left.
You didn't know any spells.

Dungeon Overview and Level Annotations

Branches:
Dungeon (3/15)

Altars:
Dithmenos
Nemelex Xobeh


Message History

The orc priest barely misses you.
You closely miss the orc. The orc priest closely misses you.
You block the orc's attack. The orc hits you but does no damage.
The orc priest looks satisfied for a moment.
You hit the orc.
The orc is severely wounded.
The orc hits you but does no damage. x2
The orc priest calls upon Beogh to heal the orc.
The orc is healed somewhat.
You block the orc's attack.
The orc priest shouts, "Beogh is our master!
Accept the truth or die!"
You slash the orc!
You kill the orc!
The orc hits you but does no damage.
The orc priest invokes the aid of Beogh against you.
Beogh smites you!
* * * LOW HITPOINT WARNING * * *
The orc closely misses you.
The orc priest invokes the aid of Beogh against you.
Beogh smites you!
You die...

### ....###
......o#################
#...o@................
#.####################


You could see an orc priest and an orc.

Vanquished Creatures
  An orc priest (D:3)
  Natasha (thrice) (D:2)
  An ooze (D:1)
  2 dart slugs
  A leopard gecko (D:1)
  6 orcs (D:3)
  4 bats (D:1)
  2 giant cockroaches (D:1)
  5 goblins (D:1)
  7 hobgoblins
  2 jackals (D:1)
  5 kobolds
  2 quokkas (D:2)
  A frilled lizard (D:1)
  3 rats
45 creatures vanquished.

Notes
Turn   | Place    | Note
-------+----------+-------------------------------------------
     0 | D:1      | Borgoz the Hill Orc Fighter began the quest for the Orb.
     0 | D:1      | Reached XP level 1. HP: 19/19 MP: 1/1
    96 | D:1      | Reached XP level 2. HP: 20/27 MP: 2/2
   181 | D:1      | Found a sparkling altar of Nemelex Xobeh.
   335 | D:1      | Reached XP level 3. HP: 32/33 MP: 3/3
   692 | D:2      | Found a shadowy altar of Dithmenos.
   937 | D:2      | Noticed Natasha
   943 | D:2      | Killed Natasha
   943 | D:2      | Reached skill level 1 in Dodging
   943 | D:2      | Reached XP level 4. HP: 26/40 MP: 4/4
  1145 | D:2      | Noticed Natasha
  1152 | D:2      | Killed Natasha
  1201 | D:2      | Noticed Natasha
  1214 | D:2      | Killed Natasha
  1214 | D:2      | Reached XP level 5. HP: 30/47 MP: 5/5
  1488 | D:3      | Killed from afar by an orc priest

Vault maps used:
D:1:      minmay_arrival_arboretum_small, nemelex_xobeh_ov_fountains_minmay
D:2:      lemuel_round_altar, first_ration, uniq_natasha
D:3:      lemuel_coloured_pillars_altar

Skill      XL: |  1  2  3  4  5 |
---------------+----------------+-----
Axes           | 3 4 |  4.1
Fighting       | 4 |  4.5
Dodging        | 1 |  1.5
Armour         | 4 |  4.1
Shields        | 4 |  4.1

Action                   |  1- 3 |  4- 6 || total
-------------------------+-------+-------++-------
Melee: War axe           |   103 |    59 ||   162
  Use: Potion            |       |     1 ||     1
  Eat: Chunk             |       |     2 ||     2
Armor: Scale mail        |    38 |    20 ||    58
Dodge: Dodged            |    26 |    24 ||    50
Block: Shield            |    57 |    22 ||    79

Table legend:
 A = Spawn XP
 B = Non-spawn XP
 C = Spawn XP percentage of total XP
 D = Spawn monster count
 E = Non-spawn monster count
 F = Spawn count percentage of total count
 G = Total turns spent on level
                    A         B        C        D         E        F      G
               +---------+---------+-------+---------+---------+-------+---------
         Total |       0 |     238 |   0.0 |       0 |      45 |   0.0 |  1488
               +---------+---------+-------+---------+---------+-------+---------
           D:1 |       0 |      52 |   0.0 |       0 |      26 |   0.0 |   680
           D:2 |       0 |     119 |   0.0 |       0 |       9 |   0.0 |   596
           D:3 |       0 |      67 |   0.0 |       0 |      10 |   0.0 |   212
               +---------+---------+-------+---------+---------+-------+---------
